 Dungeon Crawl Stone Soup version 0.30-a0-778-g2ef04afb54 (webtiles) character file.

Game seed: 9359738121154113781

6918 Firecrotchwizard the Severer (level 11, -10/97 HPs)
             Began as a Hill Orc Monk on Feb 16, 2023.
             Was a Priest of Beogh.
             Mangled by an orc warrior
             ... wielding a +0 dire flail
              (11 damage)
             ... on level 2 of the Orcish Mines.
             The game lasted 00:19:54 (10335 turns).

Firecrotchwizard the Severer (Hill Orc Monk)       Turns: 10335, Time: 00:19:54

Health: -10/97     AC: 13    Str: 19    XL:     11   Next: 7%
Magic:  17/17      EV: 13    Int: 10    God:    Beogh [***...]
Gold:   680        SH:  0    Dex: 13    Spells: 10/10 levels left

rFire   . . .      SeeInvis .    g - +0 broad axe (elec)
rCold   . . .      Faith    .    (no shield)
rNeg    + . .      Spirit   .    k - +0 chain mail {rN+}
rPois   .          Reflect  .    c - +0 helmet
rElec   .          Harm     .    (no cloak)
rCorr   .          Rampage  .    h - +0 pair of gloves
Will    .....                    o - +0 pair of boots Stlth
                                 (no amulet)
HPRegen 0.36/turn                E - +5 ring of evasion
MPRegen 0.15/turn                (no ring)

@: no status effects
A: no striking features
a: Renounce Religion, Smiting


You were on level 2 of the Orcish Mines.
You worshipped Beogh.
Beogh was most pleased with you.
You visited 2 branches of the dungeon, and saw 12 of its levels.

You collected 680 gold pieces.

Inventory:

Hand Weapons
 a - a +0 heavy hand axe
 g - a +0 broad axe of electrocution (weapon)
   (You took it off Maggie on level 8 of the Dungeon)
 t - a +3 whip of electrocution
   (You took it off a kobold on level 4 of the Dungeon)
Missiles
 i - 16 poisoned darts
 m - 2 boomerangs
 s - 21 stones
 A - 6 javelins (quivered)
 F - 2 curare-tipped darts
Armour
 b - a +0 kite shield
   (You took it off a gnoll on level 7 of the Dungeon)
 c - a +0 helmet (worn)
   (You found it on level 1 of the Dungeon)
 h - a +0 pair of gloves (worn)
   (You found it on level 3 of the Dungeon)
 k - a +0 chain mail of positive energy (worn)
   (You found it on level 7 of the Dungeon)
 o - a +0 pair of boots (worn)
   (You found it on level 9 of the Dungeon)
 u - a +0 scale mail
   (You took it off Edmund on level 4 of the Dungeon)
 v - a +2 plate armour of poison resistance
   (You found it on level 4 of the Dungeon)
Jewellery
 E - a +5 ring of evasion (left hand)
   (You found it on level 5 of the Dungeon)
Wands
 p - a wand of paralysis (4)
   (You found it on level 9 of the Dungeon)
 q - a wand of flame (10)
   (You found it on level 5 of the Dungeon)
 y - a wand of mindburst (15)
   (You found it on level 5 of the Dungeon)
Scrolls
 d - a scroll of brand weapon
 e - 6 scrolls of identify {@r1}
 f - a scroll of amnesia {unknown}
 j - a scroll of noise {unknown}
 l - a scroll of fog
 n - a scroll of torment {unknown}
 D - 2 scrolls of blinking {!r}
 V - a scroll of vulnerability {!r!r}
 X - 3 scrolls of magic mapping {@r4!r}
 Y - 7 scrolls of teleportation {@r3}
Potions
 r - 3 potions of attraction {!q}
 G - a potion of ambrosia {!q}
 H - a potion of haste
 J - a potion of curing {@q1}
 R - a potion of resistance


   Skills:
 - Level 9.2 Fighting
 * Level 16.2 Axes
 + Level 5.6 Armour
 - Level 2.4 Dodging
 - Level 1.5 Stealth
 + Level 8.8 Invocations


You had 10 spell levels left.
You didn't know any spells.
Your spell library contained the following spells:

 Spells                   Type           Power      Damage    Failure   Level
 Magic Dart               Conj           0%         1d3       98%         1
 Blink                    Tloc           0%         N/A       99%         2
 Call Imp                 Summ           0%         N/A       99%         2
 Mephitic Cloud           Conj/Pois/Air  0%         N/A       100%        3
 Anguish                  Hex/Necr       0%         N/A       100%        4
 Manifold Assault         Tloc           0%         N/A       100%        4
 Enfeeble                 Hex            0%         N/A       100%        7
 Storm Form               Tmut/Air       0%         N/A       100%        7


Dungeon Overview and Level Annotations

Branches:
Dungeon (10/15)            Temple (0/1) D:4             Orc (2/2) D:9
    Elf (0/3) Orc:2
   Lair: D:8-11

Altars:
Fedhas
Gozag
Makhleb

Annotations:
D:3 3 runed translucent doors, exclusion: jelly, Beavis's ghost, amateur DsHu
D:4 Grinder
D:5 3 runed translucent doors, 1 exclusion, baal32's ghost, amateur MiMo
D:6 2 runed translucent doors, asti's ghost, novice MiBe
D:7 2 transporters, demibob's ghost, novice HOBe


Message History

The orc warrior hits you from afar with a +0 glaive.
Your orc warrior hits something with a +0 scimitar.
You take 4 damage, and have 68/97 hp.
You swap places.
The orc warrior completely misses you.
An orc wizard comes into view. It is wielding a +0 dagger.
The orc wizard falls on its knees before you.
It says, "I'm so glad you are here now."
The orc warriors go into a battle-frenzy!
Items here: )) [ †.
You closely miss the orc warrior.
The orc warrior hits you with a +0 glaive.
An orc comes into view. It is wielding a +0 hand axe.
An orc priest comes into view. It is wielding a +0 dagger.
The orc closely misses you.
You take 3 damage, and have 66/97 hp.
You hit the orc warrior.
Lightning courses through the orc warrior!
The orc hits you but does no damage.
Your orc warrior hits something but does no damage.
An orc comes into view. It is wielding a +0 dagger.
The orc falls on its knees before you.
It says, "I'm so glad you are here now."
An orc warrior comes into view. It is wielding a +1 antimagic halberd.
The orc warrior misses you. Something hits your orc warrior!!
You closely miss the orc warrior.
The orc warrior hits you with a +0 glaive!!
Your orc warrior misses something.
The orc barely misses you.
An orc comes into view. It is wielding a +0 war axe.
The orc relaxes its fighting stance and smiles at you.
An orc comes into view. It is wielding a +0 mace.
Something completely misses your orc warrior.
You take 25 damage, and have 41/97 hp.
MASSIVE DAMAGE!!
You closely miss the orc warrior. You barely miss the orc warrior.
Your orc warrior barely misses something.
The orc closely misses you.
Your orc hits the orc with a +0 dagger.
The orc priest calls down the wrath of Beogh upon you.
Beogh smites you!
* * * LOW HITPOINT WARNING * * *
The orc warrior hits you with a +0 glaive!
* * * LOW HITPOINT WARNING * * *
Something closely misses your orc warrior.
The orc warrior hits your orc warrior with a +0 dire flail.
Your orc warrior barely misses the orc warrior.
The orc relaxes its fighting stance and smiles at you.
An orc comes into view. It is wielding a +0 dagger.
You take 26 damage, and have 15/97 hp.
MASSIVE DAMAGE!!
You barely miss the orc warrior. Your punch misses the orc warrior.
The orc warrior hits you with a +0 glaive!
* * * LOW HITPOINT WARNING * * *
Your orc warrior hits something with a +0 short sword.
The orc throws a boomerang.
The boomerang hits your orc warrior.
An orc warrior comes into view. It is wielding a +0 halberd.
Your orc barely misses the orc.
Your orc barely misses something.
Something hits your orc warrior!!
Your orc warrior dies!
The orc warrior hits your orc warrior with a +0 dire flail!
Your orc warrior dies!
Something hits your orc!
Your orc dies!
You hear a shout!
You slash the orc warrior!
The sentinel's mark upon you fades away.
Your orc wizard mumbles some strange words.
Your orc wizard flickers and vanishes for a moment.
Your orc hits the orc priest with a +0 war axe!
Your orc hits the orc but does no damage.
Something hits your orc!
The orc priest calls down the wrath of Beogh upon you.
Your orc wizard writhes in agony!
The orc throws a boomerang.
The boomerang misses you. The orc warrior completely misses you.
A neqoxec comes into view.
You hit the orc warrior.
Lightning courses through the orc warrior!
You kill the orc warrior!
Beogh accepts your kill.
Your orc warrior looks more experienced.
You hit the orc warrior.
Your orc wizard hits the orc priest but does no damage.
Your orc hits the orc priest with a +0 war axe!
The orc priest dies!
Beogh accepts your kill.
Beogh appreciates your killing of a heretic priest.
Your orc looks more experienced.
An orc comes into view. It is wielding a +0 flail.
The orc stares at you in amazement and kneels.
It shouts, "I'll follow thee gladly!"
Your orc barely misses something.
An orc comes into view. It is wielding a +0 short sword.
The orc falls on its knees before you.
It says, "I'm so glad you are here now."
An orc warrior comes into view. It is wielding a +0 war axe.
The orc hits you from afar with a +0 trident.
* * * LOW HITPOINT WARNING * * *
Something barely misses your orc.
The orc warrior hits you with a +0 dire flail!
You die...
Beogh appreciates the orc warrior's killing of a heretic priest.

.....$#.....#...... .............
..#))).............#........#.)..
.#...............................
....)#...............##..........
.....##........................).
.............................))..
#...............#o...........#.).
##..#..........o#ooo..#.....)..).
#.###........o.@# ............. .
...#........oo)# .....#.......
....#.$.......#o3.............
##...#.....o.....o##...#.......
.........)........##..........
#.......oo........###...#.....
.................# #..###....
.....o........$.## ..# #...


You could see a neqoxec, 3 orc warriors, 3 orcs, a friendly orc warrior, a
friendly orc wizard (invisible) and 6 friendly orcs.

Vanquished Creatures
  A boulder beetle (D:9)
  Maggie (D:8)
  2 trolls
  A hornet (D:9)
  10 yaks
  A shadow (D:9)
  A wyvern (D:9)
  4 vampire mosquitoes
  A steam dragon (D:7)
  A warg (Orc:2)
  Edmund (D:4)
  A water moccasin (D:8)
  An ice beast (D:6)
  5 orc warriors (Orc:2)
  A black bear (D:5)
  A centaur (D:6)
  3 kobold brigands
  2 bullfrogs
  3 necrophages
  A scorpion (D:6)
  14 killer bees
  3 howler monkeys
  A hound (D:5)
  3 gnoll boudas
  A jelly (D:6)
  2 orc priests (Orc:2)
  4 iguanas
  4 orc wizards (Orc:2)
  19 gnolls
  8 adders
  An ufetubus (D:4)
  A worm (D:4)
  A dart slug (D:4)
  5 orcs
  2 bats
  3 endoplasms
  A giant cockroach (D:3)
  8 goblins
  5 hobgoblins
  4 jackals (D:3)
  25 kobolds
  2 quokkas
  5 ball pythons
  2 rats (D:3)
166 creatures vanquished.

Vanquished Creatures (collateral kills)
  2 orc warriors (Orc:2)
  An orc priest (Orc:2)
  2 orcs (Orc:2)
5 creatures vanquished.

Vanquished Creatures (others)
  2 orc warriors (Orc:2)
  11 orcs
13 creatures vanquished.

Grand Total: 184 creatures vanquished

Notes
Turn   | Place    | Note
-------+----------+-------------------------------------------
     0 | D:1      | Firecrotchwizard the Hill Orc Monk began the quest for the
                  | Orb.
     0 | D:1      | Reached XP level 1. HP: 19/19 MP: 1/1
   134 | D:1      | HP: 2/20 [worm (10)]
   379 | D:3      | Reached XP level 2. HP: 17/27 MP: 2/2
   509 | D:3      | Found a runed translucent gate.
   510 | D:3      | Found a runed translucent gate.
   510 | D:3      | Found a runed translucent gate.
   514 | D:3      | Noticed Beavis's ghost (amateur DsHu)
   574 | D:3      | Reached skill level 4 in Fighting
   826 | D:3      | Reached skill level 5 in Axes
   832 | D:3      | Reached XP level 3. HP: 32/33 MP: 3/3
  1700 | D:4      | Noticed Grinder
  1755 | D:3      | Reached XP level 4. HP: 12/41 MP: 4/4
  1919 | D:4      | Reached skill level 6 in Axes
  2173 | D:4      | Found a blossoming altar of Fedhas.
  2183 | D:4      | Found a burning altar of Makhleb.
  2338 | D:4      | Noticed Edmund
  2358 | D:4      | HP: 6/41 [Edmund/+1 flail of holy wrath (7)]
  2361 | D:4      | HP: 1/41 [Edmund/+1 flail of holy wrath (6)]
  2362 | D:4      | Killed Edmund
  2363 | D:4      | Reached skill level 5 in Fighting
  2363 | D:4      | Reached skill level 7 in Axes
  2363 | D:4      | Reached XP level 5. HP: 1/48 MP: 5/5
  2635 | D:4      | Found a staircase to the Ecumenical Temple.
  2648 | D:4      | Reached XP level 6. HP: 56/56 MP: 6/6
  3050 | D:5      | Entered Level 5 of the Dungeon
  3203 | D:5      | Reached skill level 8 in Axes
  3392 | D:5      | Found a runed translucent gate.
  3393 | D:5      | Found a runed translucent gate.
  3393 | D:5      | Found an opulent altar of Gozag.
  3396 | D:5      | Found a runed translucent gate.
  3457 | D:5      | Noticed baal32's ghost (amateur MiMo)
  3457 | D:5      | Noticed a black bear
  3493 | D:5      | Noticed a black bear
  3498 | D:5      | Killed a black bear
  3499 | D:5      | Reached skill level 6 in Fighting
  3499 | D:5      | Reached XP level 7. HP: 63/63 MP: 7/7
  3771 | D:6      | Found a runed translucent door.
  3772 | D:6      | Noticed asti's ghost (novice MiBe)
  3974 | D:6      | Reached skill level 9 in Axes
  4080 | D:6      | Found a runed translucent door.
  4406 | D:6      | Reached skill level 7 in Fighting
  4406 | D:6      | Reached skill level 10 in Axes
  4463 | D:6      | Reached XP level 8. HP: 73/73 MP: 8/8
  4857 | D:7      | Became a worshipper of Beogh the Brigand
  4857 | D:7      | Reached * piety under Beogh
  4857 | D:7      | Reached ** piety under Beogh
  4871 | D:7      | Noticed a wyvern
  5231 | D:7      | Found a transporter.
  5231 | D:7      | Noticed demibob's ghost (novice HOBe)
  5279 | D:7      | HP: 16/73 [steam dragon (7)]
  5283 | D:7      | Reached skill level 11 in Axes
  5283 | D:7      | Reached skill level 1 in Invocations
  5927 | D:7      | Found a transporter.
  6133 | D:8      | Noticed a yak
  6133 | D:8      | Noticed a yak
  6212 | D:7      | Killed a yak
  6213 | D:7      | Reached skill level 8 in Fighting
  6213 | D:7      | Reached skill level 2 in Invocations
  6293 | D:8      | Noticed a yak
  6294 | D:8      | Noticed a yak
  6297 | D:7      | Killed a yak
  6298 | D:7      | Reached skill level 3 in Invocations
  6451 | D:7      | Killed a yak
  6452 | D:7      | Reached skill level 12 in Axes
  6452 | D:7      | Reached XP level 9. HP: 43/82 MP: 11/11
  6674 | D:8      | Reached skill level 4 in Invocations
  7062 | D:8      | Reached skill level 13 in Axes
  7198 | D:8      | Noticed Maggie
  7221 | D:8      | Killed Maggie
  7222 | D:8      | Reached skill level 9 in Fighting
  7222 | D:8      | Reached skill level 5 in Invocations
  7648 | D:8      | Reached skill level 1 in Armour
  8045 | D:8      | Reached skill level 2 in Armour
  8045 | D:8      | Reached skill level 6 in Invocations
  8198 | D:8      | Reached skill level 14 in Axes
  8198 | D:8      | Reached XP level 10. HP: 56/91 MP: 14/14
  8300 | D:9      | Reached *** piety under Beogh
  8318 | D:9      | Reached skill level 3 in Armour
  8631 | D:9      | Found a staircase to the Orcish Mines.
  8989 | D:9      | Reached skill level 7 in Invocations
  9357 | D:9      | Noticed a boulder beetle
  9370 | D:9      | Killed a boulder beetle
  9371 | D:9      | Reached skill level 15 in Axes
  9371 | D:9      | Reached skill level 4 in Armour
  9575 | D:10     | Entered Level 10 of the Dungeon
  9593 | D:9      | Reached skill level 8 in Invocations
  9646 | D:9      | Reached skill level 5 in Armour
  9818 | D:10     | Noticed a kobold demonologist
  9863 | Orc:1    | Entered Level 1 of the Orcish Mines
  9898 | Orc:2    | Entered Level 2 of the Orcish Mines
  9935 | Orc:2    | HP: 15/91 [orc priest/divine providence (16)]
  9947 | Orc:2    | HP: 16/91 [orc warrior/+0 glaive (14)]
  9951 | Orc:2    | Reached skill level 16 in Axes
  9952 | Orc:2    | HP: 12/91 [orc warrior/+0 battleaxe (5)]
  9957 | Orc:2    | HP: 8/91 [orc warrior/+0 battleaxe (6)]
  9968 | Orc:2    | Reached XP level 11. HP: 31/97 MP: 17/17
 10274 | Orc:2    | Found a staircase to the Elven Halls.
 10323 | Orc:2    | Noticed an orc knight
 10332 | Orc:2    | HP: 15/97 [orc warrior/+0 glaive (11)]
 10333 | Orc:2    | HP: 3/97 [orc warrior/+0 glaive (12)]
 10335 | Orc:2    | HP: 1/97 [orc/+0 trident (3)]
 10335 | Orc:2    | Mangled by an orc warrior

Illustrated notes

Levels and vault maps discovered:
D:1:      dpeg_arrival_rooms_with_view, layout_loops_ring,
          ebering_ecumenical_altar_sacrificial
D:2:      layout_basic, minmay_domino_2
D:3:      cheibrodos_helix_gallery, layout_loops_corners,
          ebering_ghost_rock_garden, minmay_pentomino_pile
D:4:      minmay_wonky_spiral, layout_loops_ring, mainiacjoe_overflow_swirl,
          minmay_temple_entry_hall, kennysheep_generic_room_9, uniq_grinder,
          uniq_edmund
D:5:      layout_rooms, ebering_ghost_gozag
D:6:      layout_cave_pods, ebering_ghost_sewer_f
D:7:      layout_basic, gammafunk_ghost_arena
D:8:      layout_basic, uniq_maggie
D:9:      layout_basic, orc_0_dummy
D:10:     layout_cave_pools, lair_entry_dummy
Orc:1:    layout_diamond_mine, serial_shops, nicolae_shop_overgrown_old_shop
Orc:2:    pf_orc_diabolical, layout_caves, nicolae_orc_damp_corner,
          lightli_orcish_oven

Skill      XL: |  1  2  3  4  5  6  7  8  9 10 |
---------------+-------------------------------+-----
Fighting       | 4 5 6 7 8 9 |  9.2
Axes           | 5 7 8 10 12 14 16 | 16.2
Invocations    | 3 6 8 |  8.8
Armour         | 2 5 |  5.6
Dodging        | |  2.4
Stealth        | |  1.5

Action                     |  1- 3 |  4- 6 |  7- 9 | 10-12 || total
---------------------------+-------+-------+-------+-------++-------
  Melee: Hand axe          |   135 |    21 |       |       ||   156
         Punch             |     2 |       |     5 |     3 ||    10
         Whip              |       |    60 |   392 |       ||   452
         Broad axe         |       |       |       |   201 ||   201
  Throw: Stone             |       |     9 |     6 |       ||    15
         Javelin           |       |     2 |    14 |       ||    16
 Invoke: Convert to Beogh  |       |       |     1 |       ||     1
  Evoke: Wand              |       |     2 |       |       ||     2
    Use: Scroll            |       |       |    13 |     3 ||    16
         Potion            |       |       |     1 |     3 ||     4
   Stab: Sleeping          |     3 |     2 |       |       ||     5
 Armour: Robe              |    22 |     1 |       |       ||    23
         Ring mail         |       |    13 |       |       ||    13
         Scale mail        |       |    10 |    54 |       ||    64
         Chain mail        |       |       |    56 |    78 ||   134
  Dodge: Dodged            |    88 |    43 |   261 |   124 ||   516

Table legend: (Time is in decaauts)
 A = Elapsed time spent in this place.
 B = Non-inter-level travel time spent in this place.
 C = Inter-level travel time spent in this place.
 D = Time resting spent in this place.
 E = Time spent auto-exploring this place.
 F = Levels seen in this place.
 G = Mean time per level.
                   A        B        C        D        E       F      G
               +--------+--------+--------+--------+--------+-----+--------+
         Total |  10250 |   9963 |    287 |   3041 |   5226 |  12 |  854.2 |
       Dungeon |   9797 |   9515 |    282 |   2862 |   5090 |  10 |  979.7 |
  Orcish Mines |    453 |    449 |      4 |    179 |    136 |   2 |  226.5 |
               +--------+--------+--------+--------+--------+-----+--------+

Top non-repeatable levels by time:
     D:8: 1799 daAuts
     D:9: 1553 daAuts
     D:3: 1502 daAuts
     D:6: 1341 daAuts
     D:7: 1327 daAuts
     D:4: 1245 daAuts
     D:5: 674 daAuts
   Orc:2: 419 daAuts
     D:1: 225 daAuts
     D:2: 86 daAuts
    D:10: 39 daAuts
   Orc:1: 34 daAuts

Table legend:
 A = Kills in this place as a percentage of kills in entire the game.
 B = Kills by you in this place as a percentage of kills by you in the entire game.
 C = Kills by friends in this place as a percentage of kills by friends in the entire game.
 D = Other kills in this place as a percentage of other kills in the entire game.
 E = Experience gained in this place as a percentage of experience gained in the entire game.
 F = Experience gained in this place divided by the number of levels of this place that you have seen.
                   A       B       C       D       E      F
               +-------+-------+-------+-------+-------+----------------------
         Total | 100.0 | 100.0 | 100.0 |   N/A | 100.0 | 836.2
       Dungeon |  86.0 |  88.6 |   0.0 |   N/A |  84.9 | 851.6
  Orcish Mines |  14.0 |  11.4 | 100.0 |   N/A |  15.1 | 759.5
               +-------+-------+-------+-------+-------+----------------------
